 Dungeon Crawl Stone Soup version 0.29.1-2-gbd0b4ee654 (webtiles) character file.

Game seed: 10367134886590568998

142 Godmorgon the Trooper (level 5, -4/42 HPs)
             Began as a Formicid Abyssal Knight on Oct 24, 2022.
             Was an Elder of Lugonu.
             Killed from afar by Edmund (13 damage)
             ... with a bolt of light
             ... on level 4 of the Dungeon.
             The game lasted 00:17:33 (4561 turns).

Godmorgon the Trooper (Formicid Abyssal Knight)     Turns: 4561, Time: 00:17:34

Health: -4/42      AC:  8    Str: 20    XL:     5   Next: 50%
Magic:  7/7        EV:  7    Int:  9    God:    Lugonu [****..]
Gold:   95         SH:  0    Dex: 14    Spells: 4/4 levels left

rFire   . . .      SeeInvis +   b - +2 trident (freeze)
rCold   . . .      Faith    +   u - +0 buckler
rNeg    . . .      Spirit   .   g - +0 chain mail
rPois   +          Reflect  .   (helmet unavailable)
rElec   .          Harm     .   (no cloak)
rCorr   .          Rampage  .   (no gloves)
Will    .....                   (no boots)
Stlth   ..........              c - amulet of faith
HPRegen 0.14/turn               s - ring of poison resistance
MPRegen 0.10/turn               (no ring)

@: confused
A: permanent stasis, dig shafts and tunnels, antennae 3, four strong arms
a: Dig, Shaft Self, Renounce Religion, Depart the Abyss, Bend Space, Banish,
Corrupt


You were on level 4 of the Dungeon.
You worshipped Lugonu.
Lugonu was greatly pleased with you.
You visited 1 branch of the dungeon, and saw 4 of its levels.
You visited the Abyss 1 time.

You collected 95 gold pieces.

Inventory:

Hand Weapons
 a - a +1 mace
 b - a +2 trident of freezing (weapon)
Armour
 g - a +0 chain mail (worn)
 u - a +0 buckler (worn)
Jewellery
 c - an amulet of faith (around neck)
 s - a ring of poison resistance (left hand)
Scrolls
 d - 5 scrolls of identify {unknown}
 e - 4 scrolls of magic mapping {unknown}
 f - a scroll of enchant armour {unknown}
 k - 2 scrolls of torment {unknown}
 m - 3 scrolls of teleportation {unknown}
 o - 4 scrolls of fear {unknown}
 p - a scroll of poison {unknown}
Potions
 h - a potion of haste {unknown}
 i - 4 potions of lignification {unknown}
 j - a potion of degeneration {unknown}
 l - 3 potions of attraction {unknown}
 n - 2 potions of curing
 q - a potion of brilliance {unknown}
 r - 2 potions of cancellation {unknown}
 t - a potion of flight {unknown}
 v - 2 potions of heal wounds {unknown}
 w - a potion of resistance {unknown}


   Skills:
 + Level 4.1 Fighting
 * Level 3.8 Maces & Flails
 + Level 2.5 Armour
 - Level 0.8 Dodging
 * Level 0.8 Shields
 + Level 3.5 Invocations


You had 4 spell levels left.
You didn't know any spells.
Your spell library was empty.

Dungeon Overview and Level Annotations

Branches:
Dungeon (4/15)
 Temple: D:4-7

Altars:
Okawaru

Annotations:
D:2 use corrupt
D:4 Edmund


Innate Abilities, Weirdness & Mutations

You cannot be hasted, slowed, berserked, paralysed or teleported.
You can dig through walls and to a lower floor.
You have a pair of large antennae on your head. (SInv)
Your four strong arms can wield two-handed weapons with a shield.


Message History

There is a stone staircase leading up here.
You climb upwards.
There is a stone staircase leading down here.
You see here a +0 mace.
There is a stone staircase leading down here.
You climb downwards.
There is a stone staircase leading up here.
You sense a monster nearby.
Found an escape hatch in the ceiling.
You sense a monster nearby.
Edmund the Younger comes into view.
He is wielding a +2 flail of holy wrath and carrying a wand of light (9).
Found a robe and a leather armour.
Press: ? - help, v - describe, . - travel
Here: Edmund, wielding a +2 flail of holy wrath, wearing a +0 ring mail and carrying a wand of light (9)
The floor.
You aren't carrying any items that you can evoke.
Unknown command.
Okay, then.
Unknown command.
Okay, then.
Unknown command.
You reach to attack!
You hit Edmund but do no damage.
Edmund zaps a wand.
The bolt of light hits you!
You reach to attack!
You hit Edmund but do no damage.
Edmund zaps a wand.
The bolt of light hits you!
You are confused.
You're too confused to move!
Edmund hits you with a +2 flail of holy wrath.
You hit Edmund but do no damage. Edmund barely misses you.
You barely miss Edmund.
You feel less confused.
Edmund hits you with a +2 flail of holy wrath!
You hit Edmund. You freeze Edmund.
Edmund is lightly wounded.
Edmund hits you with a +2 flail of holy wrath!
* * * LOW HITPOINT WARNING * * *
You block Edmund's attack.
Edmund zaps a wand.
The bolt of light hits you!
You are confused.
You die...

######..# #...#.#
........# #...#.#
#######.# #.....#
...<# #.# #.....##
.##.# #.#......#..#
.##.# #.#..##..#..#
.##.###.# #[..#@.#
.##.##..# ##..#..#
.##.##..# ##.#@.#
........# .@#..#
..#.###.#####..#..#
..#.# #..P.P# #..#
..#.# #..PPP####..#
..#.# #...........#
..#.# ##.######.#.#
#.#.. .... ....#
..######.# ######


You could see Edmund.

Vanquished Creatures
  Robin (D:2)
  3 adders
  An ufetubus (D:4)
  6 worms
  A dart slug (D:2)
  An orc (D:3)
  3 endoplasms
  3 giant cockroaches
  14 goblins
  13 hobgoblins
  2 quokkas (D:1)
  5 ball pythons
  4 bats
  4 frilled lizards
  9 kobolds
  8 rats
78 creatures vanquished.

Notes
Turn   | Place    | Note
-------+----------+-------------------------------------------
     0 | Abyss:1  | Godmorgon the Formicid Abyssal Knight began the quest for
                  | the Orb.
     0 | Abyss:1  | Reached XP level 1. HP: 18/18 MP: 2/2
     1 | D:1      | Escaped the Abyss
   515 | D:1      | Reached XP level 2. HP: 23/24 MP: 3/3
  1092 | D:2      | Reached XP level 3. HP: 29/29 MP: 4/4
  1397 | D:2      | Noticed Robin
  1445 | D:1      | Reached *** piety under Lugonu
  1638 | D:2      | Killed Robin
  1867 | D:2      | Reached XP level 4. HP: 37/37 MP: 6/6
  2722 | D:2      | Reached skill level 4 in Fighting
  2896 | D:3      | Reached XP level 5. HP: 42/42 MP: 7/7
  3472 | D:3      | Reached **** piety under Lugonu
  3680 | D:3      | Found an iron altar of Okawaru.
  3962 | D:4      | Noticed an ogre
  4546 | D:4      | Noticed Edmund
  4561 | D:4      | Killed from afar by Edmund

Illustrated notes

Levels and vault maps discovered:
D:1:      ncdulo_wetmaze, layout_basic
D:2:      kennysheep_six_static_rooms, layout_loops_cross, kennysheep_donut,
          minmay_misc_feat_alley, uniq_robin
D:3:      layout_basic, kennysheep_okawaru_gauntlet
D:4:      layout_basic, minmay_splitting_lines, sigmund_edmund_badplayer,
          uniq_edmund

Skill      XL: |  1  2  3  4 |
---------------+-------------+-----
Maces & Flails | 3 |  3.8
Invocations    | 3 |  3.5
Fighting       | 4 |  4.1
Armour         | |  2.5
Dodging        | |  0.8
Shields        | |  0.8

Action                   |  1- 3 |  4- 6 || total
-------------------------+-------+-------++-------
Melee: Mace              |   106 |    97 ||   203
       Trident           |       |    28 ||    28
       Punch             |       |     1 ||     1
Armor: Leather armour    |    14 |       ||    14
       Chain mail        |    48 |    51 ||    99
Dodge: Dodged            |    57 |    34 ||    91
Block: Buckler           |       |     4 ||     4
